TOP OF THE 1ST |
Echo Park Lakers batting - Pitching for Seattle Rocketeers : LHP Virgil Dickerson
|
Pitching: LHP Virgil Dickerson
|
|
Batting: RHB Tony Calhoun
|
0-0: Ball 1-0: Ball 2-0: Ball 3-0: Called Strike 3-1: Base on Balls
|
Batting: RHB Silverberry Mouhon
|
0-0: Ball Tony Calhoun is caught stealing 2nd base 2-4 1-0: Ball 2-0: Ball 3-0: Called Strike 3-1: Fly out, F6 (Line Drive, 6, EV 76.2 MPH)
|
Batting: RHB Joe Mueller
|
0-0: Ball 1-0: Ball 2-0: Foul Ball, location: 2F 2-1: Foul Ball, location: 2F 2-2: Ball 3-2: Ground out 4-3 (Groundball, 4, EV 110.0 MPH)
|
Top of the 1st over - 0 runs, 0 hits, 0 errors, 0 left on base; Echo Park 0 - Seattle 0 |
BOTTOM OF THE 1ST |
Seattle Rocketeers batting - Pitching for Echo Park Lakers : RHP Bernardo López
|
Pitching: RHP Bernardo López
|
|
Batting: SHB Lodd Felton
|
0-0: Called Strike 0-1: Ball 1-1: Ball 2-1: Ground out 3-1 (Groundball, 34S, EV 85.6 MPH)
|
Batting: RHB Jur Prokop
|
0-0: Swinging Strike 0-1: Foul Ball, location: 2F 0-2: Ball 1-2: Strikes out swinging
|
Batting: LHB Manoo Satyavrat
|
0-0: Swinging Strike 0-1: Ball 1-1: Foul Ball, location: 2F 1-2: Ball 2-2: Fly out, F7 (Flyball, 78M, EV 87.5 MPH)
|
Bottom of the 1st over - 0 runs, 0 hits, 0 errors, 0 left on base; Echo Park 0 - Seattle 0 |
TOP OF THE 2ND |
Echo Park Lakers batting - Pitching for Seattle Rocketeers : LHP Virgil Dickerson
|
Batting: LHB Philip Todd
|
0-0: Ball 1-0: Called Strike 1-1: Foul Ball, location: 2F 1-2: Ball 2-2: Ground out 4-3 (Groundball, 4, EV 93.1 MPH)
|
Batting: LHB Joe Schreibvogel
|
0-0: Fly out, F8 (Flyball, 8LM, EV 93.8 MPH)
|
Batting: RHB Ryoma Yamamoto
|
0-0: Called Strike 0-1: Ball 1-1: Ball 2-1: Foul Ball, location: 2F 2-2: Foul Ball, location: 2F 2-2: Foul Ball, location: 2F 2-2: Ball 3-2: Ground out 6-3 (Groundball, 6, EV 90.6 MPH)
|
Top of the 2nd over - 0 runs, 0 hits, 0 errors, 0 left on base; Echo Park 0 - Seattle 0 |
BOTTOM OF THE 2ND |
Seattle Rocketeers batting - Pitching for Echo Park Lakers : RHP Bernardo López
|
Batting: RHB Gah-fat Liu
|
0-0: Ball 1-0: Called Strike 1-1: Swinging Strike 1-2: Ball 2-2: Foul Ball, location: 2F 2-2: Ball 3-2: Fly out, F2 (Popup, 25F, EV 86.2 MPH)
|
Batting: RHB Jason Slaybaugh
|
0-0: Ground out 6-3 (Groundball, 6, EV 86.9 MPH)
|
Batting: SHB Yasuhiko Onishi
|
0-0: Called Strike 0-1: Fly out, F8 (Line Drive, 8RM, EV 91.9 MPH)
|
Bottom of the 2nd over - 0 runs, 0 hits, 0 errors, 0 left on base; Echo Park 0 - Seattle 0 |
TOP OF THE 3RD |
Echo Park Lakers batting - Pitching for Seattle Rocketeers : LHP Virgil Dickerson
|
Batting: LHB Jonathan Winston
|
0-0: Fly out, F7 (Flyball, 7S, EV 90.6 MPH)
|
Batting: LHB Ben Bullock
|
0-0: Ground out 4-3 (Groundball, 4, EV 77.5 MPH)
|
Batting: SHB Akihiko Fujii
|
0-0: Ball 1-0: Ball 2-0: Called Strike 2-1: Called Strike 2-2: Strikes out swinging
|
Top of the 3rd over - 0 runs, 0 hits, 0 errors, 0 left on base; Echo Park 0 - Seattle 0 |
BOTTOM OF THE 3RD |
Seattle Rocketeers batting - Pitching for Echo Park Lakers : RHP Bernardo López
|
Batting: RHB Guy Toussaint
|
0-0: Swinging Strike 0-1: Ground out 4-3 (Groundball, 4, EV 85.0 MPH)
|
Batting: RHB Axel Ruschmeyer
|
0-0: Swinging Strike 0-1: Swinging Strike 0-2: Ball 1-2: Fly out, F3 (Popup, 34, EV 59.4 MPH)
|
Batting: RHB Yakamochi Ota
|
0-0: Ball 1-0: SINGLE (Line Drive, 5D, EV 103.1 MPH)
|
Batting: SHB Lodd Felton
|
0-0: Called Strike 0-1: Called Strike 0-2: Ground out 3-1 (Groundball, 3, EV 91.2 MPH)
|
Bottom of the 3rd over - 0 runs, 1 hit, 0 errors, 1 left on base; Echo Park 0 - Seattle 0 |
TOP OF THE 4TH |
Echo Park Lakers batting - Pitching for Seattle Rocketeers : LHP Virgil Dickerson
|
Batting: RHB Tony Calhoun
|
0-0: Ball 1-0: Ball 2-0: SINGLE (Line Drive, 78S, EV 101.2 MPH)
|
Batting: RHB Silverberry Mouhon
|
0-0: Ball 1-0: Ball 2-0: Swinging Strike 2-1: Swinging Strike 2-2: Strikes out swinging
|
Batting: RHB Joe Mueller
|
0-0: Ball Tony Calhoun steals 2nd base 1-0: Ball 2-0: Ground out 4-3 (Groundball, 4, EV 91.9 MPH) Tony Calhoun to third
|
Batting: LHB Philip Todd
|
0-0: Ball 1-0: Ball 2-0: Called Strike 2-1: SINGLE (Line Drive, 7LS, EV 91.9 MPH) Tony Calhoun scores
|
Batting: LHB Joe Schreibvogel
|
0-0: Ball 1-0: Ground out 4-3 (Groundball, 4, EV 83.1 MPH)
|
Top of the 4th over - 1 run, 2 hits, 0 errors, 1 left on base; Echo Park 1 - Seattle 0 |
BOTTOM OF THE 4TH |
Seattle Rocketeers batting - Pitching for Echo Park Lakers : RHP Bernardo López
|
Batting: RHB Jur Prokop
|
0-0: Ball 1-0: Ball 2-0: Ball 3-0: Called Strike 3-1: Foul Ball, location: 2F 3-2: Fly out, F7 (Flyball, 7LS, EV 84.4 MPH)
|
Batting: LHB Manoo Satyavrat
|
0-0: Ball 1-0: Called Strike 1-1: Ball 2-1: Ball 3-1: Base on Balls
|
Batting: RHB Gah-fat Liu
|
0-0: Ball 1-0: Ball 2-0: Ball 3-0: Called Strike 3-1: Called Strike 3-2: SINGLE (Groundball, 6D, EV 97.5 MPH) Manoo Satyavrat to second Manoo Satyavrat to third
|
Batting: RHB Jason Slaybaugh
|
0-0: Swinging Strike 0-1: Ball 1-1: Called Strike 1-2: Ball 2-2: Ball 3-2: Grounds into double play, 6-4-3 (Groundball, 6M, EV 82.5 MPH)
|
Bottom of the 4th over - 0 runs, 1 hit, 0 errors, 1 left on base; Echo Park 1 - Seattle 0 |
TOP OF THE 5TH |
Echo Park Lakers batting - Pitching for Seattle Rocketeers : LHP Virgil Dickerson
|
Batting: RHB Ryoma Yamamoto
|
0-0: Ground out 5-3 (Groundball, 56, EV 88.8 MPH)
|
Batting: LHB Jonathan Winston
|
0-0: Ball 1-0: Called Strike 1-1: Foul Ball, location: 2F 1-2: Strikes out swinging
|
Batting: LHB Ben Bullock
|
0-0: Swinging Strike 0-1: Swinging Strike 0-2: Ball 1-2: Ball 2-2: Strikes out looking and he ARGUES THE CALL AND IS TOSSED!
|
Top of the 5th over - 0 runs, 0 hits, 0 errors, 0 left on base; Echo Park 1 - Seattle 0 |
BOTTOM OF THE 5TH |
Seattle Rocketeers batting - Pitching for Echo Park Lakers : RHP Bernardo López
|
Now in CF: Carlos Hernández
|
|
Batting: SHB Yasuhiko Onishi
|
0-0: Called Strike 0-1: Ball 1-1: Fly out, F7 (Flyball, 78D, EV 98.1 MPH)
|
Batting: RHB Guy Toussaint
|
0-0: Swinging Strike 0-1: Swinging Strike 0-2: Ball 1-2: Fly out, F8 (Flyball, 78D, EV 101.9 MPH)
|
Batting: RHB Axel Ruschmeyer
|
0-0: Ball 1-0: Ground out 6-3 (Groundball, 6, EV 96.2 MPH)
|
Bottom of the 5th over - 0 runs, 0 hits, 0 errors, 0 left on base; Echo Park 1 - Seattle 0 |
TOP OF THE 6TH |
Echo Park Lakers batting - Pitching for Seattle Rocketeers : LHP Virgil Dickerson
|
Batting: SHB Akihiko Fujii
|
0-0: Ground out 5-3 (Groundball, 56, EV 87.5 MPH)
|
Batting: RHB Tony Calhoun
|
0-0: Ground out 4-3 (Groundball, 4, EV 83.8 MPH)
|
Batting: RHB Silverberry Mouhon
|
0-0: Ball 1-0: Fly out, F1 (Popup, 15, EV 76.9 MPH)
|
Top of the 6th over - 0 runs, 0 hits, 0 errors, 0 left on base; Echo Park 1 - Seattle 0 |
BOTTOM OF THE 6TH |
Seattle Rocketeers batting - Pitching for Echo Park Lakers : RHP Bernardo López
|
Batting: RHB Yakamochi Ota
|
0-0: Ground out 5-3 (Groundball, 56, EV 94.4 MPH)
|
Batting: SHB Lodd Felton
|
0-0: Ball 1-0: Called Strike 1-1: Ball 2-1: Swinging Strike 2-2: Foul Ball, location: 2F 2-2: Strikes out swinging
|
Batting: RHB Jur Prokop
|
0-0: Fly out, F8 (Flyball, 8LS, EV 86.9 MPH)
|
Bottom of the 6th over - 0 runs, 0 hits, 0 errors, 0 left on base; Echo Park 1 - Seattle 0 |
TOP OF THE 7TH |
Echo Park Lakers batting - Pitching for Seattle Rocketeers : LHP Virgil Dickerson
|
Batting: RHB Joe Mueller
|
0-0: Foul Ball, location: 2F 0-1: Ball 1-1: Ball 2-1: Ball 3-1: Base on Balls
|
Batting: LHB Philip Todd
|
0-0: Ball 1-0: SINGLE (Line Drive, 8LS, EV 90.6 MPH) Joe Mueller to second Runner from 2nd tries for 3rd, SAFE, throw by LF made to third
|
Batting: LHB Joe Schreibvogel
|
0-0: Called Strike 0-1: Ball 1-1: SINGLE (Line Drive, 6MD, EV 100.6 MPH) Joe Mueller scores Philip Todd to second
|
Batting: RHB Ryoma Yamamoto
|
0-0: Called Strike 0-1: Ball 1-1: Foul Ball, location: 2F 1-2: Ball 2-2: Foul Ball, location: 2F 2-2: Ground out 4-3 (Groundball, 4S, EV 83.8 MPH) Philip Todd to third Joe Schreibvogel to second
|
Batting: LHB Jonathan Winston
|
0-0: Ball 1-0: Ball 2-0: Ball 3-0: Base on Balls
|
Batting: RHB Carlos Hernández
|
0-0: Called Strike 0-1: Swinging Strike 0-2: Ball 1-2: Ball 2-2: Foul Ball, location: 2F 2-2: Strikes out swinging
|
Batting: SHB Akihiko Fujii
|
0-0: Ball 1-0: Ball 2-0: Foul Ball, location: 2F 2-1: Fly out, F8 (Flyball, 8LM, EV 88.8 MPH)
|
Top of the 7th over - 1 run, 2 hits, 0 errors, 3 left on base; Echo Park 2 - Seattle 0 |
BOTTOM OF THE 7TH |
Seattle Rocketeers batting - Pitching for Echo Park Lakers : RHP Bernardo López
|
Batting: LHB Manoo Satyavrat
|
0-0: Ball 1-0: Ground out 4-3 (Groundball, 4, EV 103.8 MPH)
|
Batting: RHB Gah-fat Liu
|
0-0: Called Strike 0-1: Ball 1-1: Ball 2-1: Ground out 6-3 (Groundball, 6, EV 80.0 MPH)
|
Batting: RHB Jason Slaybaugh
|
0-0: Foul Ball, location: 2F 0-1: Called Strike 0-2: Foul Ball, location: 2F 0-2: Ground out 5-3 (Groundball, 56S, EV 91.2 MPH)
|
Bottom of the 7th over - 0 runs, 0 hits, 0 errors, 0 left on base; Echo Park 2 - Seattle 0 |
TOP OF THE 8TH |
Echo Park Lakers batting - Pitching for Seattle Rocketeers : LHP Virgil Dickerson
|
Batting: RHB Tony Calhoun
|
0-0: Foul Ball, location: 2F 0-1: Foul Ball, location: 2F 0-2: Foul Ball, location: 2F 0-2: Ground out 6-3 (Groundball, 6MS, EV 81.2 MPH)
|
Batting: RHB Silverberry Mouhon
|
0-0: Called Strike 0-1: Called Strike 0-2: Fly out, F7 (Flyball, 78M, EV 91.9 MPH)
|
Batting: RHB Joe Mueller
|
0-0: SINGLE (Line Drive, 56D, EV 105.6 MPH)
|
Pitching: RHP Eugenio Piñeiro
|
|
Batting: LHB Philip Todd
|
0-0: Ball Joe Mueller is caught stealing 2nd base 2-6
|
Top of the 8th over - 0 runs, 1 hit, 0 errors, 0 left on base; Echo Park 2 - Seattle 0 |
BOTTOM OF THE 8TH |
Seattle Rocketeers batting - Pitching for Echo Park Lakers : RHP Bernardo López
|
Pitching: LHP Onson Sweemey
|
|
Batting: SHB Yasuhiko Onishi
|
0-0: Called Strike 0-1: SINGLE (Line Drive, 9S, EV 86.9 MPH)
|
Batting: RHB Guy Toussaint
|
0-0: Ball 1-0: Called Strike 1-1: Foul Ball, location: 2F 1-2: Fly out, F8 (Flyball, 8LXD, EV 96.2 MPH)
|
Batting: RHB Axel Ruschmeyer
|
0-0: Ball 1-0: Swinging Strike 1-1: Ball 2-1: Fly out, F6 (Popup, 4S, EV 80.0 MPH)
|
Batting: RHB Yakamochi Ota
|
0-0: Swinging Strike 0-1: Swinging Strike 0-2: Ball 1-2: Strikes out looking
|
Bottom of the 8th over - 0 runs, 1 hit, 0 errors, 1 left on base; Echo Park 2 - Seattle 0 |
TOP OF THE 9TH |
Echo Park Lakers batting - Pitching for Seattle Rocketeers : RHP Eugenio Piñeiro
|
Batting: LHB Philip Todd
|
0-0: Called Strike 0-1: Fly out, F9 (Flyball, 9LSF, EV 80.6 MPH)
|
Batting: LHB Joe Schreibvogel
|
0-0: Ground out 4-3 (Groundball, 4, EV 100.6 MPH)
|
Batting: RHB Ryoma Yamamoto
|
0-0: Ball 1-0: Ball 2-0: Foul Ball, location: 2F 2-1: SINGLE (Line Drive, 4MD, EV 94.4 MPH)
|
Batting: LHB Jonathan Winston
|
0-0: Ball 1-0: Ball 2-0: Fly out, F7 (Flyball, 7D, EV 88.1 MPH)
|
Top of the 9th over - 0 runs, 1 hit, 0 errors, 1 left on base; Echo Park 2 - Seattle 0 |
BOTTOM OF THE 9TH |
Seattle Rocketeers batting - Pitching for Echo Park Lakers : LHP Onson Sweemey
|
Pitching: RHP Bungay Osiman
|
|
Batting: SHB Lodd Felton
|
0-0: Called Strike 0-1: Foul Ball, location: 2F 0-2: Ground out 4-3 (Groundball, 4, EV 85.0 MPH)
|
Batting: RHB Jur Prokop
|
0-0: Called Strike 0-1: Foul Ball, location: 2F 0-2: Foul Ball, location: 2F 0-2: Ball 1-2: Foul Ball, location: 2F 1-2: Ground out 1-3 (Groundball, 34S, EV 83.8 MPH)
|
Batting: LHB Manoo Satyavrat
|
0-0: Called Strike 0-1: Ball 1-1: Swinging Strike 1-2: Strikes out swinging
|
Bottom of the 9th over - 0 runs, 0 hits, 0 errors, 0 left on base; Echo Park 2 - Seattle 0 |
|